 Dungeon Crawl Stone Soup version 0.31-b1-22-gc680215f68 (webtiles) character file.

Game seed: 9924896574454359067

87 ChrisAssaf the Sneak (level 4, -7/32 HPs)
             Began as a Djinni Enchanter on Jan 19, 2024.
             Splashed by a jelly's acid (9 damage)
             ... on level 4 of the Dungeon.
             The game lasted 00:03:28 (751 turns).

ChrisAssaf the Sneak (Djinni Enchanter)              Turns: 751, Time: 00:03:37

Health: -7/32      AC:  0    Str:  9    XL:     4   Next: 80%
Gold:   68         EV: 12    Int: 16    God:
                   SH:  0    Dex: 14

rFire   + + .        a - +1 dagger
rCold   x . .        (no shield)
rNeg    . . .        b - +0 robe
rPois   ∞            (no helmet)
rElec   .            (no cloak)
rCorr   .            d - +1 pair of gloves
SInv    .            (boots unavailable)
Will    .....        (no amulet)
Stlth   ++           (no ring)
HPRegen 0.25/turn    (no ring)
MPRegen 0.00/turn

%: infuse magic (-8 HP)
@: corroded, flying
A: sickness immunity, fire resistance 2, cold vulnerability 1, float, innate
caster, HP casting, extra vitality 1
a: no special abilities


You were on level 4 of the Dungeon.
You visited 1 branch of the dungeon, and saw 4 of its levels.

You collected 68 gold pieces.

Inventory:

Hand Weapons
 a - a +1 dagger (weapon)
 f - a +0 orcbow
Armour
 b - a +0 robe (worn)
 d - a +1 pair of gloves (worn)
Wands
 i - a wand of iceblast (7)
Scrolls
 h - a scroll of teleportation
Potions
 c - 2 potions of invisibility
 e - a potion of degeneration


   Skills:
 * Level 1.0 Fighting
 * Level 1.4 Short Blades
 * Level 0.4 Ranged Weapons
 * Level 1.1 Armour
 * Level 2.6 Dodging
 * Level 3.1 Stealth
 * Level 1.1 Unarmed Combat
 * Level 3.0 Spellcasting
 * Level 3.0 Conjurations
 * Level 3.0 Hexes
 * Level 3.0 Summonings
 * Level 3.0 Necromancy
 * Level 3.0 Translocations
 * Level 3.0 Fire Magic
 * Level 3.0 Ice Magic
 * Level 3.0 Air Magic
 * Level 3.0 Earth Magic
 * Level 3.0 Alchemy
 * Level 0.2 Evocations


You knew the following spells:

 Your Spells              Type           Power      Damage    Failure   Level
a - Ensorcelled Hibernat  Hex/Ice        24%        N/A       9%          2
b - Confusing Touch       Hex            12%        N/A       16%         3
c - Tukima's Dance        Hex            12%        N/A       16%         3
d - Dazzling Flash        Conj/Hex       24%        N/A       16%         3
e - Magic Dart            Conj           48%        1d5       5%          1
Your spell library was empty.

Dungeon Overview and Level Annotations

Branches:
Dungeon (4/15)
 Temple: D:4-7

Altars:


Innate Abilities, Weirdness & Mutations

You are immune to sickness and miasma.
You are immune to poison.
Your flesh is very heat resistant. (rF++)
You are vulnerable to cold. (rC-)
You float through the air rather than walking.
You learn spells naturally, not from books.
Your magical power is your life essence.
You have superior vitality. (+4 MHP)


Message History

Your Unarmed Combat skill increases to level 1!
You see here an adder corpse.
Found a stone staircase leading down.
HP restored.
An adder comes into view.
A jelly comes into view.
The jelly quivers.
Aiming: Ensorcelled Hibernation (safe; 9% risk of failure)
Press: ? - help, Q - select action, (/) - cycle Shift-Dir - straight line, f - adder
Aim: an adder (chance to affect: 54%)
The adder looks drowsy...
The helpless adder fails to defend itself.
You puncture the adder!
You kill the adder!
Aiming: Ensorcelled Hibernation (safe; 9% risk of failure)
Press: ? - help, Q - select action, (/) - cycle Shift-Dir - straight line, f - jelly
Aim: a jelly (chance to affect: 54%)
The jelly resists with significant effort.
The jelly hits you.
You are splashed with acid.
Unknown command.
Aiming: Ensorcelled Hibernation (safe; 9% risk of failure)
Press: ? - help, Q - select action, (/) - cycle Shift-Dir - straight line, f/p - jelly
Aim: a jelly (chance to affect: 54%)
The jelly looks drowsy...
The helpless jelly fails to defend itself.
You puncture the jelly! The acid corrodes you!
Your hands burn!
The jelly is severely wounded.
The jelly hits you.
You are splashed with acid!
* * * LOW HITPOINT WARNING * * *
You hit the jelly but do no damage.
Your hands burn!
* * * LOW HITPOINT WARNING * * *
The jelly is severely wounded.
The jelly misses you.
You hit the jelly.
Your hands burn!
* * * LOW HITPOINT WARNING * * *
The jelly is almost dead.
The jelly hits you.
* * * LOW HITPOINT WARNING * * *
You are splashed with acid!
You die...

#...# ...
#...####.#...#
#.............
#######....###......
............<....#.
....................
....................
#####.#J.†..........
#.#.@.#.###.....
#.#...#.# ....>
#.#...#.# #.(.
#.#...#.# ... #.......#
##.###.## #######.# #.#
#.....#.###.##
#.###........##########


You could see a jelly.

Vanquished Creatures
  A bombardier beetle (D:3)
  3 adders
  A ribbon worm (D:3)
  An orc (D:3)
  2 bats (D:1)
  An endoplasm (D:4)
  3 goblins (D:1)
  2 quokkas (D:1)
  4 ball pythons (D:1)
  3 frilled lizards
  A rat (D:1)
22 creatures vanquished.

Notes
Turn   | Place    | Note
-------+----------+-------------------------------------------
     0 | D:1      | ChrisAssaf the Djinni Enchanter began the quest for the
                  | Orb.
     0 | D:1      | ChrisAssaf set off with the following spells memorised:
                  | Ensorcelled Hibernation, Confusing Touch, Tukima's Dance,
                  | Dazzling Flash.
     0 | D:1      | Reached XP level 1. HP: 15/15 MP: 0/0
   160 | D:1      | Reached skill level 1 in Short Blades
   160 | D:1      | Reached XP level 2. HP: 21/21 MP: 0/0
   325 | D:2      | Reached XP level 3. HP: 13/25 MP: 0/0
   325 | D:2      | Learned a level 1 spell: Magic Dart
   487 | D:3      | Reached XP level 4. HP: 27/31 MP: 0/0
   615 | D:4      | Reached skill level 1 in Fighting
   615 | D:4      | Reached skill level 1 in Armour
   615 | D:4      | Reached skill level 1 in Unarmed Combat
   751 | D:4      | Splashed by a jelly's acid

Illustrated notes

Levels and vault maps discovered:
D:1:      lightli_arrival_boilingwater, layout_basic, minmay_tetromino_o2
D:2:      layout_loops_ring
D:3:      layout_basic, glass_columns_c
D:4:      layout_loops_cross

Skill      XL: |  1  2  3  4 |
---------------+-------------+-----
Short Blades   | 1 |  1.4
Spellcasting   | 3 |  3.0
Conjurations   | 3 |  3.0
Hexes          | 3 |  3.0
Summonings     | 3 |  3.0
Necromancy     | 3 |  3.0
Translocations | 3 |  3.0
Fire Magic     | 3 |  3.0
Ice Magic      | 3 |  3.0
Air Magic      | 3 |  3.0
Earth Magic    | 3 |  3.0
Alchemy        | 3 |  3.0
Stealth        | 3 |  3.1
Fighting       | 1 |  1.0
Armour         | 1 |  1.1
Unarmed Combat | 1 |  1.1
Ranged Weapons | |  0.4
Dodging        | |  2.6
Evocations     | |  0.2

Action                     |  1- 3 |  4- 6 || total
---------------------------+-------+-------++-------
  Melee: Dagger            |    53 |    11 ||    64
         Punch             |     1 |       ||     1
   Cast: Ensorcelled Hiber |    13 |    10 ||    23
         Tukima's Dance    |     1 |       ||     1
    Use: Scroll            |     2 |     1 ||     3
   Stab: Sleeping          |     8 |     5 ||    13
 Armour: Robe              |    34 |     8 ||    42
  Dodge: Dodged            |    40 |     6 ||    46
